 Dungeon Crawl Stone Soup version 0.28-a0-1387-g3a22ab9bdc (webtiles) character file.

Game seed: 8328620094072015775

44 tilp the Chiller (level 3, -7/14 HPs)
             Began as a Felid Ice Elementalist on Jan 2, 2022.
             Mangled by Sigmund (14 damage)
             ... on level 2 of the Dungeon.
             The game lasted 00:03:13 (1581 turns).

tilp the Chiller (Felid Ice Elementalist)           Turns: 1581, Time: 00:03:13

Health: -7/14      AC:  1    Str:  4    XL:     3   Next: 39%
Magic:  1/7        EV: 17    Int: 18    God:
Gold:   774        SH:  0    Dex: 16    Spells: 3/7 levels left
                                        Lives:  0   Deaths: 0

rFire   . . .      SeeInvis +     - Unarmed
rCold   . . .      Faith    .   (shield unavailable)
rNeg    . . .      Spirit   .   (armour unavailable)
rPois   .          Reflect  .   (helmet unavailable)
rElec   .          Harm     .   (cloak unavailable)
rCorr   .          Rampage  .   (gloves unavailable)
Will    .....                   (boots unavailable)
Stlth   ++........              (no amulet)
HPRegen 0.04/turn               (no ring)
MPRegen 0.10/turn               (no ring)

@: freezing walls, very slightly contaminated, hasted, very quick
A: very small, claws 1, fangs 3, see invisible, speed 1, shaggy fur 1, stealthy
paws, no weapons or thrown items, no armour, multi-lived
a: no special abilities


You were on level 2 of the Dungeon.
You visited 1 branch of the dungeon, and saw 2 of its levels.

You collected 774 gold pieces.

Inventory:

Scrolls
 d - a scroll of identify
Potions
 a - 2 potions of brilliance {unknown}
 c - a potion of curing
 f - a potion of flight {unknown}


   Skills:
 - Level 2.6 Dodging
 - Level 2.6 Stealth
 - Level 2.0 Unarmed Combat
 + Level 2.5 Spellcasting
 + Level 3.9 Ice Magic


You had 3 spell levels left.
You knew the following spells:

 Your Spells              Type           Power      Damage    Failure   Level
a - Freeze                Ice            64%        1d8       3%          1
b - Frozen Ramparts       Ice            32%        1d5       10%         3

Your spell library contained the following spells:

 Spells                   Type           Power      Damage    Failure   Level
 Ozocubu's Armour         Ice            16%        N/A       10%         3
 Hailstorm                Conj/Ice       9%         3d4       58%         4


Dungeon Overview and Level Annotations

Branches:
Dungeon (2/15)

Altars:

Annotations:
D:2 Sigmund, Terence


Innate Abilities, Weirdness & Mutations

You have sharp claws.
You have razor-sharp teeth.
You have supernaturally acute eyesight. (SInv)
You cover ground quickly. (Speed+)
You are covered in fur. (AC +1)
Your paws help you pounce on unaware monsters.
You are incapable of wielding weapons or throwing items.
You cannot wear armour.
You gain extra lives every three experience levels.


Message History

Casting: Frozen Ramparts (potentially lethal; 10% risk of failure)
Press: ? - help, Dir - look around, f - activate You miscast Frozen Ramparts.
You are very lightly contaminated with residual magic.
Nothing appears to happen.
The quokka closely misses you.
Unknown command.
Unknown command.
Casting: Frozen Ramparts (potentially lethal; 10% risk of failure)
Confirm with . or Enter, or press ? or * to list all spells.
The spell is potentially lethal to miscast (10% risk of failure)!
Continue anyway?
Casting: Frozen Ramparts (potentially lethal; 10% risk of failure)
Press: ? - help, Dir - look around, f - activate The walls around you are covered in ice.
A jackal comes into view.
The wall freezes the quokka.
The quokka misses you.
The wall freezes Sigmund.
Sigmund completely misses you.
The jackal moves out of view.
Unknown command.
Unknown command.
Unknown command.
You feel yourself speed up.
The wall freezes the quokka.
The quokka bites you.
The wall freezes Sigmund.
Sigmund laughs darkly.
Sigmund hits you from afar with a +0 scythe.
The wall freezes the quokka.
You kill the quokka!
Unknown command.
You feel better.
Unknown command.
Unknown command.
The wall freezes Sigmund.
Sigmund casts a spell at you. The magic dart hits you!
Ouch! That really hurt!
Unknown command.
A jackal comes into view.
The jackal barks!
The wall freezes Sigmund.
Sigmund hits you from afar with a +0 scythe!
Ouch! That really hurt!
You die...

####...#
#................(
.......#
#.##..............
####...#
#.##.#............
#...####.##.#.##..#######
#...#.......#..#..#
#...#.##.##.##.#..# .
..........#.##.#.†##....
...........#.............
@...........#.#@######....
####...#.......#†# ...
#...#########@# .. #...#
##.## . #...# #...# #...#
...h... #..........


You could see Sigmund (invisible) and a jackal.

Vanquished Creatures
  An adder (D:2)
  A worm (D:2)
  3 endoplasms
  A giant cockroach (D:2)
  5 hobgoblins
  2 jackals (D:1)
  2 quokkas (D:2)
  2 ball pythons (D:1)
  2 bats (D:1)
  4 goblins
  4 kobolds
  3 rats
30 creatures vanquished.

Notes
Turn   | Place    | Note
-------+----------+-------------------------------------------
     0 | D:1      | tilp the Felid Ice Elementalist began the quest for the
                  | Orb.
     0 | D:1      | Reached XP level 1. HP: 7/7 MP: 4/4
    66 | D:1      | Reached skill level 1 in Unarmed Combat
   175 | D:1      | Found a faded altar of an unknown god.
   212 | D:1      | Reached XP level 2. HP: 8/11 MP: 0/6
   608 | D:1      | Identified a scroll of acquirement
   608 | D:1      | Acquired 761 gold pieces
   965 | D:2      | Reached XP level 3. HP: 14/14 MP: 5/7
   969 | D:2      | Learned a level 3 spell: Frozen Ramparts
  1186 | D:2      | Noticed Terence
  1564 | D:2      | Noticed Sigmund
  1581 | D:2      | Mangled by Sigmund

Illustrated notes

Levels and vault maps discovered:
D:1:      amcnicky_arrival_feature_with_door, layout_rooms,
          hellmonk_ecumenical_altar_leap_of_faith
D:2:      layout_loops_cross, uniq_sigmund, uniq_robin, uniq_terence

Skill      XL: |  1  2 |
---------------+-------+-----
Unarmed Combat | 1 2 |  2.0
Dodging        | |  2.6
Stealth        | |  2.6
Spellcasting   | |  2.5
Ice Magic      | |  3.9

Action                   || total
-------------------------++-------
Melee: Unarmed           ||    10
       Bite              ||     2
 Cast: Freeze            ||    26
       Frozen Ramparts   ||     7
  Use: Scroll            ||     5
       Potion            ||     2
 Stab: Sleeping          ||     3
Armor: Skin              ||     3
Dodge: Dodged            ||    25

Table legend: (Time is in decaauts)
 A = Elapsed time spent in this place.
 B = Non-inter-level travel time spent in this place.
 C = Inter-level travel time spent in this place.
 D = Time resting spent in this place.
 E = Time spent auto-exploring this place.
 F = Levels seen in this place.
 G = Mean time per level.
                   A        B        C        D        E       F      G
               +--------+--------+--------+--------+--------+-----+--------+
         Total |   1451 |   1448 |      3 |    445 |    777 |   2 |  725.5 |
       Dungeon |   1451 |   1448 |      3 |    445 |    777 |   2 |  725.5 |
               +--------+--------+--------+--------+--------+-----+--------+

Top non-repeatable levels by time:
     D:1: 800 daAuts
     D:2: 651 daAuts
